 Dungeon Crawl Stone Soup version 0.29.1-1-gd02db6906a (webtiles) character file.

Game seed: 9933516032095241412

69 z5x3 the Chiller (level 4, -2/38 HPs)
             Began as a Naga Ice Elementalist on Oct 1, 2022.
             Slain by a gnoll
             ... wielding a +0 club
              (5 damage)
             ... on level 3 of the Dungeon.
             The game lasted 00:05:41 (3301 turns).

z5x3 the Chiller (Naga Ice Elementalist)            Turns: 3301, Time: 00:05:43

Health: -2/38      AC:  3    Str: 10 (12) XL:     4   Next: 20%
Magic:  6/7        EV:  9    Int: 14 (15) God:
Gold:   81         SH:  0    Dex: 12      Spells: 1/8 levels left

rFire   x . .      SeeInvis +   g - +0 dagger
rCold   + . .      Faith    .   (no shield)
rNeg    . . .      Spirit   .   c - +0 leather armour
rPois   +          Reflect  .   e - +0 helmet
rElec   .          Harm     .   (no cloak)
rCorr   .          Rampage  .   (no gloves)
Will    .....                   (no barding)
Stlth   ++........              (no amulet)
HPRegen 0.12/turn               l - ring of ice
MPRegen 0.10/turn               (no ring)

@: about to teleport, very slow
A: AC +1, large, see invisible, deformed body, poison resistance, slowness 2,
spit poison 1, naga tail 1, claws 1, deterioration 1
a: Spit Poison


You were on level 3 of the Dungeon.
You visited 1 branch of the dungeon, and saw 3 of its levels.

You collected 81 gold pieces.

Inventory:

Hand Weapons
 d - a +0 mace
 g - a +0 dagger (weapon)
 k - a +0 great mace
Armour
 a - a +0 robe
 c - a +0 leather armour (worn)
 e - a +0 helmet (worn)
Jewellery
 l - a ring of ice (left claw)
Scrolls
 h - a scroll of teleportation
 i - 3 scrolls of identify
 n - a scroll of blinking {unknown}
Potions
 b - a potion of magic
 f - 3 potions of heal wounds {unknown}
 j - a potion of degeneration {unknown}
 m - a potion of curing {unknown}


   Skills:
 + Level 1.5 Fighting
 + Level 0.5 Short Blades
 - Level 1.5 Dodging
 + Level 4.2 Stealth
 - Level 2.5 Spellcasting
 * Level 0.0 Conjurations
 + Level 4.4 Ice Magic
 + Level 0.0 Poison Magic


You had one spell level left.
You knew the following spells:

 Your Spells              Type           Power      Damage    Failure   Level
a - Freeze                Ice            84%        1d10      4%          1
b - Frozen Ramparts       Ice            42%        1d7       14%         3
c - Mephitic Cloud        Conj/Pois/Air  1%         N/A       67%         3

Your spell library contained the following spells:

 Spells                   Type           Power      Damage    Failure   Level
 Magic Dart               Conj           4%         1d3       30%         1
 Ozocubu's Armour         Ice            21%        N/A       14%         3
 Call Imp                 Summ           1%         N/A       43%         2
 Hailstorm                Conj/Ice       12%        3d5       77%         4


Dungeon Overview and Level Annotations

Branches:
Dungeon (3/15)

Altars:
Fedhas
Hepliaklqana
Xom

Shops:
D:1 [:

Annotations:
D:3 1 transporter


Innate Abilities, Weirdness & Mutations

Your serpentine skin is tough. (AC +1)
You have supernaturally acute eyesight. (SInv)
Armour fits poorly on your strangely shaped body.
Your system is resistant to poisons. (rPois)
You cover ground very slowly.
You can spit poison.
You have a snake-like lower body.
You have sharp fingernails.
Your body sometimes deteriorates upon taking damage.


Message History

Found a club.
Found a faded altar of an unknown god.
There is a faded altar of an unknown god here.
The orc priest shouts!
You hear a shout!
Found a transporter. 2 gnolls come into view.
A gnoll is wielding a +1 vampiric spear.
There are monsters nearby!
A gnoll comes into view. It is wielding a +0 club.
The gnoll shouts! x3; You hear a shout!
A gnoll comes into view. It is wielding a +0 halberd.
You see here a ruby potion.
A hobgoblin comes into view.
The gnoll hits you with a +0 club.
Your body deteriorates!
You feel weakened.
You barely miss the gnoll.
The hobgoblin shouts!
The gnoll hits you with a +1 vampiric spear!
The gnoll hits you with a +0 club.
You feel a surge of power!
You freeze the gnoll.
The gnoll is moderately wounded.
The gnoll hits you with a +0 club.
The gnoll hits you with a +1 vampiric spear.
The gnoll hits you with a +0 club.
As you read the scroll labelled HIL JOCICUIROY, it crumbles to dust.
It is a scroll of identify.
h - 2 scrolls of teleportation The gnoll barely misses you.
The gnoll hits you with a +0 club.
The gnoll hits you with a +1 vampiric spear.
* * * LOW HITPOINT WARNING * * *
The gnoll hits you with a +0 club.
* * * LOW HITPOINT WARNING * * *
Your body deteriorates!
You feel weakened.
As you read the scroll of teleportation, it crumbles to dust.
You feel strangely unstable. The gnoll closely misses you.
The gnoll barely misses you.
The gnoll hits you with a +1 vampiric spear.
* * * LOW HITPOINT WARNING * * *
The gnoll hits you with a +0 club.
You die...

...[.....................©
..########...........#####
.............#8P.©
....##....###.#P../ ....
#....## .####+ .. ##.....#
.#o≈.. #......# #.≈..
...#...!..# #.≈~~
......g@g.# .....##.g.#
..... #g..# ##... #...#
+.. .gg.. ... #. ##....
... ..... ###.# .....#
....#


You could see 4 gnolls, a hobgoblin and a goblin.

Vanquished Creatures
  An adder (D:3)
  2 dart slugs (D:1)
  An orc (D:3)
  2 ball pythons (D:1)
  6 endoplasms
  A giant cockroach (D:2)
  5 goblins
  6 hobgoblins
  6 jackals (D:1)
  A quokka (D:1)
  6 bats
  A frilled lizard (D:2)
  3 kobolds
  10 rats
51 creatures vanquished.

Notes
Turn   | Place    | Note
-------+----------+-------------------------------------------
     0 | D:1      | z5x3 the Naga Ice Elementalist began the quest for the Orb.
     0 | D:1      | Reached XP level 1. HP: 15/15 MP: 3/3
   385 | D:1      | Reached XP level 2. HP: 24/24 MP: 5/5
   969 | D:1      | Reached skill level 1 in Fighting
   991 | D:1      | Reached XP level 3. HP: 12/31 MP: 1/6
   994 | D:1      | Gained mutation: Your body sometimes deteriorates upon
                  | taking damage. [potion of mutation]
   994 | D:1      | Gained mutation: You have sharp fingernails. [potion of
                  | mutation]
  1537 | D:1      | Found Gyuce's Antique Armour Shop.
  1567 | D:1      | Found Dofighi's Book Emporium.
  1593 | D:1      | Learned a level 3 spell: Frozen Ramparts
  3034 | D:3      | Reached XP level 4. HP: 38/38 MP: 7/7
  3044 | D:3      | Found a hazy altar of Hepliaklqana.
  3045 | D:3      | Found a shimmering altar of Xom.
  3046 | D:3      | Noticed a spectral ugly thing
  3085 | D:3      | Found a blossoming altar of Fedhas.
  3141 | D:3      | Learned a level 3 spell: Mephitic Cloud
  3280 | D:3      | Found a faded altar of an unknown god.
  3289 | D:3      | Found a transporter.
  3301 | D:3      | Slain by a gnoll

Illustrated notes

Levels and vault maps discovered:
D:1:      giann_forest_graveyard, layout_basic, serial_shops,
          nicolae_shop_window_shopping, nicolae_shop_stone
D:2:      layout_loops_corners, grunt_ministairs_4
D:3:      gammafunk_wand_slinger, layout_basic, regret_index_temple_of_mockery,
          mainiacjoe_overflow_concentric_impassable,
          hellmonk_ecumenical_altar_arch_garden

Skill      XL: |  1  2  3 |
---------------+----------+-----
Fighting       | 1 |  1.5
Stealth        | 4 |  4.2
Short Blades   | |  0.5
Dodging        | |  1.5
Spellcasting   | |  2.5
Ice Magic      | |  4.4

Action                   |  1- 3 |  4- 6 || total
-------------------------+-------+-------++-------
Melee: Club              |     3 |       ||     3
       Unarmed           |     1 |       ||     1
       Mace              |    30 |       ||    30
       Dagger            |    21 |     9 ||    30
       Great mace        |    12 |       ||    12
 Cast: Freeze            |    35 |     6 ||    41
       Frozen Ramparts   |     2 |       ||     2
 Abil: Spit Poison       |     6 |       ||     6
  Use: Potion            |     2 |       ||     2
       Scroll            |       |     2 ||     2
 Stab: Sleeping          |     8 |       ||     8
Armor: Robe              |     3 |       ||     3
       Leather armour    |    40 |     3 ||    43
Dodge: Dodged            |    64 |     9 ||    73
